Cogmind - Beta 13 @@@ ROGUE MODE // 2024.05.04 @ 12:40:37 Player: Barbarossa Result: Destroyed by Y-45 Defender with Heavy Assault Rifle Performance ------------- Evolutions (1) 500 Regions Visited (2) 400 Robots Destroyed (26) 130 Value Destroyed (530) 530 Prototype IDs (2) 40 Alien Tech Used (0) 0 Bonus (0) 0 TOTAL SCORE: 1600 Bonus ------- None Cogmind --------- Core Integrity 0/400 Matter 295/300 Energy 100/100 System Corruption 0% Temperature Cool (0) Movement Flying (40) Location -9/Materials Parts ------- > --- POWER (1) -------- (None) > --- PROPULSION (4) --- Improved Flight Unit > --- UTILITY (2) ------ (None) > --- WEAPON (2) ------- (None) > --- INVENTORY (5) ---- Light Ion Engine Compact Wheel Compact Wheel Advanced Visual Processing Unit Peak State ------------ > --- POWER ------------ Heavy Ion Engine > --- PROPULSION ------- Carbon-fiber Leg Carbon-fiber Leg Improved Flight Unit Improved Flight Unit > --- UTILITY ---------- Small Storage Unit Signal Interpreter > --- WEAPON ----------- Pulse Rifle Pulse Rifle > --- INVENTORY -------- Ion Engine Carbon-fiber Leg Carbon-fiber Leg Compact Wheel Compact Wheel Advanced Visual Processing Unit Pulse Rifle Pulse Rifle [Rating: 24] Favorites ----------- Power Light Ion Engine Engine Light Ion Engine Propulsion Carbon-fiber Leg Treads Light Treads Leg Carbon-fiber Leg Flight Unit Flight Unit Utility Small Storage Unit Device Heat Sink Storage Small Storage Unit Processor Signal Interpreter Weapon Pulse Rifle Energy Gun Pulse Rifle Ballistic Gun Light Assault Rifle Build | -11 -10 -9 ------- Run | Yrd Mat Mat Slots Evolved 2 | . . 2 Power . | . . . Propulsion 2 | . . 2 Utility . | . . . Weapon . | . . . Parts Attached 27 | . . 27 Power 6 | . . 6 Engine 6 | . . 6 Core . | . . . Reactor . | . . . Propulsion 13 | . . 13 Treads 2 | . . 2 Leg 4 | . . 4 Wheel . | . . . Hover . | . . . Flight 7 | . . 7 Utility 2 | . . 2 Device 1 | . . 1 Storage . | . . . Processor 1 | . . 1 Hackware . | . . . Protection . | . . . Artifact . | . . . Weapon 6 | . . 6 Energy Gun 4 | . . 4 Energy Cannon . | . . . Ballistic Gun 2 | . . 2 Ballistic Cannon . | . . . Launcher . | . . . Special Weapon . | . . . Impact Weapon . | . . . Slashing Weapon . | . . . Piercing Weapon . | . . . Special Melee Weapon . | . . . Unidentified Prototypes 2 | . . 2 Parts Lost 19 | . . 19 Power 2 | . . 2 Propulsion 9 | . . 9 Utility 2 | . . 2 Weapon 6 | . . 6 Highest Loss Streak 8 | . . 8 To Critical Strikes . | . . . Average Slot Usage (%) 82 | . 85 81 Engine 10 | . 14 10 Treads 9 | . . 11 Leg 17 | . 28 15 Flight 5 | . . 6 Device 2 | . . 2 Storage 8 | . 14 7 Processor 5 | . . 7 Energy Gun 17 | . 14 17 Ballistic Gun 3 | . 14 1 Naked Turns . | . . . Heaviest Build 21 | 12 12 21 Greatest Support 30 | 20 20 30 Greatest Overweight (x) 2 | . . 2 Average Overweight (x) . | . . . Largest Inventory Capacity 8 | . 8 8 Average Capacity 7 | . 8 7 Most Carried 8 | . 8 8 Average Carried 6 | . 6 6 Final Capacity 8 | 8 8 5 Final Carried 8 | 6 8 4 Class Distribution -------------------- 84% | Mutant 15% | Scavenger-Mutant Dominant Class ---------------- Mutant | -10/Materials Mutant | -9/Materials Resources | -11 -10 -9 ----------- Run | Yrd Mat Mat Matter Collected 423 | 200 23 200 Remotely . | . . . Salvage Created 838 | . 244 594 Parts 50 | . 14 36 Haulers Intercepted 2 | . 1 1 Recyclers Shooed . | . . . Parts Field Recycled . | . . . Retrieved Matter . | . . . Parts Self-Destructed . | . . . Prevented . | . . . Kills | -11 -10 -9 ------- Run | Yrd Mat Mat Combat Hostiles Destroyed 18 | . 3 15 Guns 17 | . 3 14 Classes Destroyed 7 | . 3 4 Worker 2 | . . 2 Hauler 2 | . 1 1 Recycler 3 | . 1 2 Watcher 1 | . . 1 Swarmer 7 | . . 7 Grunt 9 | . 3 6 Duelist 2 | . . 2 Best Kill Streak 4 | . 3 4 Combat Bots Only 4 | . 2 4 Max Kills in Single Turn 1 | . 1 1 Gunslinging . | . . . Exploded . | . . . Melee . | . . . Uniques/NPCs Destroyed . | . . . Combat | -11 -10 -9 -------- Run | Yrd Mat Mat Hostile Shots Fired 251 | . 21 230 Missed 60 | . 2 58 Damage Taken 2059 | . 210 1849 Core 443 | . 33 410 Absorbed by Shields . | . . . Core Remaining (%) 93 | 100 86 . Volleys Fired 90 | . 23 67 Largest 2 | . 2 2 Hottest 126 | . 60 126 Shots Fired 162 | . 46 116 Gun 162 | . 46 116 Cannon . | . . . Launcher . | . . . Special . | . . . Kinetic 41 | . 23 18 Thermal 121 | . 23 98 Explosive . | . . . Electromagnetic . | . . . Robot Hit Streak 10 | . 5 10 Robot Miss Streak 5 | . 5 4 Penetration Max . | . . . Secondary Targets 5 | . 1 4 Max Gunslinging Chain 1 | . 1 1 Shots Hit Robots 98 | . 23 75 Core Hits 36 | . 11 25 Critical Kills . | . . . Critical Parts Destroyed 1 | . . 1 Critical Strikes 4 | . . 4 Burn 3 | . . 3 Destroy 1 | . . 1 Melee Attacks . | . . . Impact . | . . . Slashing . | . . . Piercing . | . . . Sneak Attacks . | . . . Combat Hostiles . | . . . Follow-up Attacks . | . . . Damage Inflicted 1445 | . 250 1195 Guns 1445 | . 250 1195 Cannons . | . . . Explosions . | . . . Melee . | . . . Ramming . | . . . Kinetic 190 | . 103 87 Thermal 1255 | . 147 1108 Explosive . | . . . Electromagnetic . | . . . Impact . | . . . Slashing . | . . . Piercing . | . . . Highest Corruption 2 | . 2 . Average Corruption 2 | . 2 . Corruption Purged . | . . . Corruption Blocked . | . . . Overload Shots . | . . . Overflow Damage . | . . . Projectiles . | . . . Explosions . | . . . Melee . | . . . Knockbacks . | . . . Impact . | . . . Kinetic . | . . . Secondary . | . . . Self-Inflicted Damage . | . . . Shots . | . . . Rammed . | . . . Targets Rammed . | . . . Kicked . | . . . Crushed . | . . . Highest Temperature 471 | . 196 471 Average Temperature 140 | . 84 154 Received Heat Transfer 648 | . 114 534 Effects 3 | . . 3 Shutdowns 2 | . . 2 Short Circuit 1 | . . 1 Siege Activations . | . . . Robots Corrupted . | . . . Combat Hostiles . | . . . Parts Fried . | . . . Impact Corruptions . | . . . Robots Melted 1 | . . 1 Combat Hostiles 1 | . . 1 Parts Melted 4 | . 1 3 Heat Transferred 3014 | . 350 2664 Parts Sabotaged . | . . . Parts Stolen . | . . . Parts Stripped . | . . . Power Chain Reactions . | . . . Alert | -11 -10 -9 ------- Run | Yrd Mat Mat Peak Influence 281 | . 102 281 Initial 42 | . . 42 Average 95 | . 45 107 Maximum Alert Level 1 | . . 1 Low Security (%) 93 | . 100 92 Level 1 6 | . . 7 Level 2 . | . . . Level 3 . | . . . Level 4 . | . . . Level 5 . | . . . High Security . | . . . Max Security . | . . . Squads Dispatched 4 | . 2 2 Investigation 1 | . 1 . Extermination . | . . . Reinforcement 3 | . 1 2 Assault . | . . . Garrison . | . . . Intercept . | . . . Searches Triggered . | . . . Construction Impeded . | . . . Haulers Reinforced . | . . . Active Scanning Responses . | . . . Cargo Convoy Interrupts . | . . . Stealth | -11 -10 -9 --------- Run | Yrd Mat Mat Distress Signals 1 | . . 1 Communications Jammed . | . . . Distress Signals . | . . . Times Spotted 38 | . 7 31 Peak Tracking Total 11 | . 3 11 Tactical Retreats 2 | . . 2 Traps | -11 -10 -9 ------- Run | Yrd Mat Mat Traps Triggered 2 | . 2 . Indirectly . | . . . Trap Hack Attempts . | . . . Triggered . | . . . Disarmed . | . . . Reprogrammed . | . . . Reused . | . . . Traps Extracted . | . . . Installed . | . . . Triggered . | . . . Machines | -11 -10 -9 ---------- Run | Yrd Mat Mat Machines Disabled 2 | . . 2 Max in Single Turn 1 | . . 1 Machines Repaired . | . . . Machines Dismantled . | . . . Machines Sabotaged . | . . . Overloaded Fab Kills . | . . . Hacking | -11 -10 -9 --------- Run | Yrd Mat Mat Machines Accessed 3 | . 2 1 Terminals 3 | . 2 1 Fabricators . | . . . Repair Stations . | . . . Recycling Units . | . . . Scanalyzers . | . . . Garrison Access . | . . . Total Hacks 8 | . 6 2 Successful 4 | . 3 1 Failed 4 | . 3 1 Catastrophic . | . . . Database Lockouts . | . . . Manual 8 | . 6 2 Terminals 8 | . 6 2 Fabricators . | . . . Repair Stations . | . . . Recycling Units . | . . . Scanalyzers . | . . . Garrison Access . | . . . Terminal Hacks . | . . . Fabricator Hacks . | . . . Repair Station Hacks . | . . . Recycling Unit Hacks . | . . . Scanalyzer . | . . . Garrison Access Hacks . | . . . Unauthorized Hacks 4 | . 3 1 Terminals 4 | . 3 1 Assimilate 1 | . 1 . Botnet 3 | . 2 1 Fabricators . | . . . Repair Stations . | . . . Recycling Units . | . . . Scanalyzers . | . . . Garrison Access . | . . . Data Cores Recovered . | . . . Used . | . . . Hacking Detections 3 | . 2 1 Full Trace Events 1 | . 1 . Feedback Events . | . . . Feedback Blocked . | . . . Robot Schematics Acquired . | . . . Robots Built . | . . . Authchips . | . . . Time . | . . . Total Robot Build Rating . | . . . Part Schematics Acquired . | . . . Parts Built . | . . . Authchips . | . . . Time . | . . . Total Part Build Rating . | . . . Parts Repaired . | . . . Time . | . . . Parts Recycled . | . . . Recycled Matter . | . . . Retrieved Matter . | . . . Retrieved Components . | . . . Parts Scanalyzed . | . . . Part Schematics Acquired . | . . . Parts Damaged . | . . . Bothacking | -11 -10 -9 ------------ Run | Yrd Mat Mat Used RIF Installer . | . . . Robots Hacked . | . . . Non-combat . | . . . Combat . | . . . Robot Hacks Applied . | . . . Relay Couplers Released . | . . . Fabnet Peak Effective % . | . . . Robots Rewired . | . . . Allies Hacked . | . . . Hacks Repelled . | . . . Allies | -11 -10 -9 -------- Run | Yrd Mat Mat Total Allies . | . . . Largest Group . | . . . Highest-Rated Group . | . . . Highest-Rated Ally . | . . . Total Orders . | . . . Ally Attacks . | . . . Total Damage . | . . . Kills . | . . . Allies Corrupted . | . . . Allies Melted . | . . . Intel | -11 -10 -9 ------- Run | Yrd Mat Mat Robot Analysis Total . | . . . Derelict Logs Recovered . | . . . Drone Launches . | . . . Drone Recoveries . | . . . Exploration | -11 -10 -9 ------------- Run | Yrd Mat Mat Turns Passed 911 | . 165 746 Spaces Moved 620 | 1 83 536 Core 2 | . . 2 Treads . | . . . Legs 412 | 1 83 328 Wheels . | . . . Hover . | . . . Flight 206 | . . 206 Fastest Speed 31 | 120 120 31 Average Speed 98 | 120 120 94 Slowest Speed 190 | 120 120 190 Overloaded Moves . | . . . Propulsion Burnouts . | . . . Robots Hopped 4 | . . 4 Cave-ins Triggered . | . . . Exploration Rate (%) 17 | 2 21 30 Regions Visited 2 Branch Regions . Pre-discovered Areas . | . . . Known Exits Taken . | . . . Unknown Exits Taken 2 | 1 1 . Scrap Searched . | . . . Spaces Dug . | . . . Terrain Destroyed . | . . . Melee . | . . . Projectile . | . . . AOE . | . . . Terrain Rammed . | . . . Walls Destroyed . | . . . Machines Disabled . | . . . Actions | -11 -10 -9 --------- Run | Yrd Mat Mat Total 764 | . 107 657 Wait 9 | . . 9 Move 611 | . 82 529 Hop 3 | . . 3 Pick Up 9 | . 2 7 Fast Attach 13 | . . 13 Attach 8 | . . 8 Detach . | . . . Swap 6 | . . 6 Drop 15 | . . 15 Fire 90 | . 23 67 Melee . | . . . Ram . | . . . Kick . | . . . Crush . | . . . Escape Stasis . | . . . Rewire . | . . . Trap . | . . . Miscellaneous . | . . . Route ------- -11/Scrapyard -10/Materials (discovered 2 exits: *Mat / [*Min]) -9/Materials History --------- Turn | Location | Event 1 | -11/Scrapyard | Discovered new exit (range 0) 1 | -11/Scrapyard | Entered Materials 68 | -10/Materials | Discovered new exit (range 6) 151 | -10/Materials | Discovered new exit (range 14) 166 | -10/Materials | Entered another Materials area 166 | -9/Materials | Evolved 2 slots: Propulsion x2 301 | -9/Materials | Build established: Mutant 637 | -9/Materials | Core integrity fell below 50% 656 | -9/Materials | Lost 6 parts (1p3n2w) 760 | -9/Materials | Lost 3 parts (2n1w) 876 | -9/Materials | Core integrity fell below 20% 912 | -9/Materials | Destroyed by Y-45 Defender with Heavy Assault Rifle Last Messages --------------- 00873_ Pulse Rifle destroyed. 00873_ K-01 Serf collects debris. 00876_ Acquired Lgt. Assault Rifle. 00876_ K-01 Serf collects debris. 00880_ Heat Sink destroyed. 00881_ R-06 Scavenger collects Flight Unit. 00884_ Acquired 9 matter. 00885_ G-34 Mercenary destroyed. 00885_ K-01 Serf collects debris. 00886_ Acquired 1 matter. 00886_ K-01 Serf collects debris. 00886_ R-06 Scavenger collects Flight Unit. 00887_ K-01 Serf destroyed. 00889_ K-01 Serf collects debris. 00894_ G-34 Mercenary destroyed. 00895_ K-01 Serf collects debris. 00896_ Lgt. Assault Rifle destroyed. 00896_ Acquired Flight Unit. 00898_ K-01 Serf collects debris. 00909_ Flight Unit destroyed. Map ----- +----------------------------------------------------+ | #??????#%%=%#????# #??????????????????? | | #??????#* =*#????# #??????????????????? | | #??????#!%%*#????# """ #??????????????????? | | #??????# *%^###### """ #??????????????????? | | ####+######/### """ ##?????????????????? | | """ #?????????????????? | | +?????????????????? | | #?????????????????? | | #?????????????????? | | #################/###### #?????????????????? | | ??????????????? ???# #?????????????????? | | ?????????????? """"" ?# #?????????????????? | | ?????????????# """"" ## #?????????????????? | | ?????????????# """"" + #?????????????????? | | ?????????????# ## #?????????????????? | | ?????????????#?? ???#### #?????????????????? | | ?????????????????????????# #?????????????????? | | ?????????????????????????# #?????????????????? | | ?????????????????????????# #?????????????????? | | ?????????????????????????# #???######????????? | | ?????????????????????????# #??!![[!!#????????? | | ?????????????????????????# #??!![[!!#????????? | | ????????????????????????## ### #????????? | | ?????????? ###### ### # #??????????? | | ?????????? Y #??????????? | | ?????????? Y @ #??????????? | | ????????????? ########## ######??????????? | | ????????????????????????######???????????????? | | ?????????????????????????????????????????????? | | ?????????????????????????????????????????????? | | ?????????????????????????????????????????????? | | | | | | | | | | | | | | | | | | | | | | | | | | | | | | | | | | | | | | | +----------------------------------------------------+ Best States ------------- Heat Dissipation 38 Energy Generation 14 Energy Capacity 280 Matter Stores 300 Matter Capacity 300 Sight Range 16 Terrain Scan Density 10 Evasion (%) 63 Item Schematics ----------------- None Robot Schematics ------------------ None Fabricated ------------ Nothing Alien Tech Used ----------------- None Achievements -------------- None Challenges ------------ None Game ------ Seed LobotomyNeutrinoBuckler Manual? 0 Play Time 00:12:09 Cumulative 149.1 hours Start 2024.05.04 @ 12:31:08 End 2024.05.04 @ 12:40:37 Sessions 1 Manual Loads 0 Difficulty Rogue Special Mode None Game No. 292 Rogue 292 Adventurer 0 Explorer 0 Win Type - Total 0 Types 0/0/0/0/0/0/0/0/0 Lore% 36 Gallery% 49 Achievement% 36 Wizard Run 0 Options --------- Layout 1 ASCII 0 Keyboard 0 Movement Mouse Keybinds 0 Fullscreen 1 Font 24/Smallcaps Map View 50x40 Zoom Use 0% Tactical HUD 1 Map Filters NONE Filters NONE Steam 1 RUN: 5f45f6d2-2e7b-476e-ac6c-e9081fde5b00